 Dungeon Crawl Stone Soup version 0.30-a0-1008-g30c9307041 (webtiles) character file.

Game seed: 1555354020165365575

3220 LobsterGuardian the Twirler (level 9, -6/78 HPs)
             Began as a Naga Warper on Apr 5, 2023.
             Was a Follower of Nemelex Xobeh.
             Mangled by an orc warrior
             ... wielding a +0 halberd
              (13 damage)
             ... on level 9 of the Dungeon.
             The game lasted 00:33:30 (7779 turns).

LobsterGuardian the Twirler (Naga Warper)           Turns: 7779, Time: 00:33:31

Health: -6/78      AC:  7    Str: 21    XL:     9   Next: 97%
Magic:  15/16      EV: 10    Int: 20    God:    Nemelex Xobeh [*.....]
Gold:   427        SH:  0    Dex: 13    Spells: 2/18 levels left

rFire   . . .      SeeInvis +    a - +1 spear
rCold   . . .      Faith    .    (no shield)
rNeg    . . .      Spirit   .    b - +1 leather armour
rPois   +          Reflect  .    (no helmet)
rElec   .          Rampage  .    (no cloak)
rCorr   .          Rage     3%   D - +0 pair of gloves
Will    ++...                    (no barding)
Stlth   ++                       r - amulet of magic regeneration
HPRegen 1.13/turn                m - +6 ring of strength
MPRegen 0.55/turn                k - +6 ring of intelligence

@: very slightly contaminated, studying Earth Magic, invisible, very slow
A: AC +3, large, see invisible, deformed body, poison resistance, slowness 2,
spit poison 1, naga tail 1, berserk 1, strong-willed 1, regeneration 1
a: Spit Poison, Renounce Religion, Draw Escape, Draw Destruction, Draw Summoning


You were on level 9 of the Dungeon.
You worshipped Nemelex Xobeh.
Nemelex Xobeh was aware of your devotion.
You visited 2 branches of the dungeon, and saw 10 of its levels.

You collected 427 gold pieces.

Inventory:

Hand Weapons
 a - a +1 spear (weapon)
 e - the +5 quarterstaff of the Lonely Seas {drain, rElec Will++ Dex+3}
   (You found it on level 2 of the Dungeon)

   Dex:       It affects your dexterity (+3).
   rElec:     It insulates you from electricity.
   Will:      It greatly increases your willpower.
Missiles
 d - 6 boomerangs of dispersal (quivered)
 z - 9 boomerangs
Armour
 b - a +1 leather armour (worn)
 D - a +0 pair of gloves (worn)
Jewellery
 g - a +4 ring of protection
 k - a +6 ring of intelligence (right hand)
 m - a +6 ring of strength (left hand)
 r - an amulet of magic regeneration (around neck)
 H - a ring of willpower
Wands
 l - a wand of quicksilver (24)
 o - a wand of mindburst (11)
 t - a wand of charming (2)
 E - a wand of digging (5)
Scrolls
 c - 3 scrolls of blinking
 j - a scroll of poison {unknown}
 p - a scroll of butterflies {unknown}
 q - 2 scrolls of teleportation
 s - 2 scrolls of identify
 w - a scroll of enchant weapon
 x - a scroll of immolation {unknown}
 y - 2 scrolls of fear {unknown}
 A - a scroll of torment {unknown}
 B - a scroll of amnesia
 C - a scroll of noise
 G - a scroll of silence {unknown}
Potions
 h - a potion of curing
 v - 2 potions of flight


   Skills:
 + Level 4.1 Fighting
 - Level 2.4(5.6) Polearms
 * Level 7.9(8.1) Staves
 + Level 0.9 Throwing
 + Level 3.4 Armour
 + Level 3.1 Dodging
 + Level 3.8 Stealth
 + Level 5.0 Spellcasting
 * Level 6.6 Translocations
 * Level 3.1 Invocations


You had 2 spell levels left.
You knew the following spells:

 Your Spells              Type           Power      Damage    Failure   Level
a - Blink                 Tloc           62%        N/A       1%          2
b - Lesser Beckoning      Tloc           62%        N/A       1%          2
c - Vhi's Electric Charg  Tloc/Air       36%        N/A       11%         3
d - Manifold Assault      Tloc           31%        N/A       9%          4
e - Summon Forest         Summ/Tloc      9%         N/A       67%         5

Your spell library contained the following spells:

 Spells                   Type           Power      Damage    Failure   Level
 Foxfire                  Conj/Fire      20%        2x1d5     13%         1
 Cigotuvi's Dreadful Rot  Necr/Pois/Air  10%        N/A       21%         2
 Scorch                   Fire           10%        2d5       21%         2
 Teleport Other           Tloc           31%        N/A       2%          3
 Dispel Undead            Necr           5%         3d7       78%         4
 Flame Wave               Conj/Fire      5%         2d5       78%         4
 Fireball                 Conj/Fire      2%         3d4       98%         5
 Summon Mana Viper        Hex/Summ       5%         N/A       98%         5
 Death Channel            Necr           2%         N/A       100%        6
 Plasma Beam              Fire/Air       2%         2x1d14    100%        6
 Starburst                Conj/Fire      2%         6d3       100%        6
 Summon Cactus Giant      Summ           2%         N/A       100%        6


Dungeon Overview and Level Annotations

Branches:
Dungeon (9/15)             Temple (1/1) D:7
   Lair: D:8-11         Orc: D:9-12

Altars:
Ashenzari
Cheibriados
Dithmenos
Elyvilon
Fedhas
Gozag
Hepliaklqana
Kikubaaqudgha
Makhleb
Nemelex Xobeh
Okawaru
Qazlal
Ru
Sif Muna
Trog
Uskayaw
Vehumet
Wu Jian
Xom
Yredelemnul
Zin
The Shining One

Shops:
D:2 *   D:5 :   D:8 *

Annotations:
D:7 3 runed translucent doors, ytrimaz's ghost, novice TrTm
D:8 1 runed translucent door, GigaChad's ghost, novice FoFi; Joseph


Innate Abilities, Weirdness & Mutations

Your serpentine skin is tough. (AC +3)
You have supernaturally acute eyesight. (SInv)
Armour fits poorly on your strangely shaped body.
Your system is resistant to poisons. (rPois)
You cover ground very slowly.
You can spit poison.
You have a snake-like lower body.
You sometimes lose your temper in combat.
You are strong-willed. (Will+)
Your natural rate of healing is unusually fast.


Message History

Unknown command.
You closely miss the orc warrior.
The orc warrior is moderately wounded.
The orc warrior completely misses you.
You hit the orc warrior but do no damage.
The orc warrior is moderately wounded.
The orc warrior barely misses you.
You barely miss the orc warrior.
The orc warrior is moderately wounded.
The orc warrior closely misses you.
You hit the orc warrior but do no damage.
The orc warrior is moderately wounded.
You hit the orc warrior but do no damage.
The orc warrior is moderately wounded.
The orc warrior hits you with a +0 halberd!
* * * LOW HITPOINT WARNING * * *
You hit the orc warrior but do no damage.
The orc warrior is moderately wounded.
The orc warrior closely misses you.
You fade into invisibility!
The orc warrior hits you with a +0 halberd.
* * * LOW HITPOINT WARNING * * *
You hit the orc warrior but do no damage.
The orc warrior is moderately wounded.
The orc warrior hits you with a +0 halberd.
* * * LOW HITPOINT WARNING * * *
You barely miss the orc warrior.
The orc warrior is lightly wounded.
You hit the orc warrior but do no damage.
The orc warrior is lightly wounded.
The orc warrior misses you.
You closely miss the orc warrior.
The orc warrior is lightly wounded.
You closely miss the orc warrior.
The orc warrior is lightly wounded.
The orc warrior hits you with a +0 halberd!
* * * LOW HITPOINT WARNING * * *
The orc warrior hits you with a +0 halberd!
You die...
Your body disappears without a glow.

#..#####...##.
##....#.(......
###..<..#........ ###
##....#..(........ #.###
#....#...))....... ##...#
#...####.........#
#....###.....###).......#
#<..))).):.....#.o.....#
##.........##.##@##......
####..####....#.#.......
#####............).##
#...##...$.....#
#...##..........# ###.
#..........#
#.............#
#..............
###.#..........


You could see an orc warrior (unable to see you).

Vanquished Creatures
  A gargoyle (D:7)
  A kobold demonologist (D:5)
  A hornet (D:8)
  Sigmund (D:3)
  A wyvern (D:7)
  A steam dragon (D:7)
  A water moccasin (D:7)
  An orc warrior (D:8)
  A sky beast (D:8)
  2 ogres (D:5)
  A phantom (D:5)
  2 centaurs (D:7)
  3 bullfrogs
  A gnoll sergeant (D:9)
  2 scorpions
  A killer bee (D:8)
  A vampire bat (D:4)
  3 howler monkeys (D:7)
  5 hounds
  A gnoll bouda (D:7)
  5 iguanas
  10 orc wizards
  5 adders
  10 gnolls
  2 shadow imps
  A white imp (D:6)
  An ufetubus (D:5)
  A dart slug (D:4)
  A worm (D:2)
  28 orcs
  3 endoplasms
  2 giant cockroaches
  6 goblins
  5 hobgoblins
  4 jackals (D:3)
  5 kobolds
  6 quokkas
  8 ball pythons
  14 bats
  4 frilled lizards
  2 rats
154 creatures vanquished.

Vanquished Creatures (others)
  A plant (D:8)
1 creature vanquished.

Grand Total: 155 creatures vanquished

Notes
Turn   | Place    | Note
-------+----------+-------------------------------------------
     0 | D:1      | LobsterGuardian the Naga Warper began the quest for the
                  | Orb.
     0 | D:1      | Reached XP level 1. HP: 19/19 MP: 3/3
    84 | D:1      | Reached XP level 2. HP: 16/26 MP: 5/5
   399 | D:1      | Learned a level 2 spell: Blink
   650 | D:2      | Identified the +5 quarterstaff of the Lonely Seas {drain,
                  | rElec Will++ Dex+3}
   681 | D:2      | Found Vewypim's Assorted Antiques.
   791 | D:2      | Reached XP level 3. HP: 33/33 MP: 6/6
   873 | D:2      | Reached skill level 1 in Armour
  1260 | D:2      | Reached XP level 4. HP: 40/40 MP: 7/7
  1451 | D:3      | Reached skill level 1 in Staves
  1555 | D:3      | Learned a level 2 spell: Lesser Beckoning
  1559 | D:3      | Learned a level 3 spell: Vhi's Electric Charge
  1631 | D:3      | Found a hide-covered altar of Uskayaw.
  1919 | D:3      | Noticed Sigmund
  1926 | D:3      | Killed Sigmund
  1927 | D:3      | Reached skill level 3 in Staves
  1927 | D:3      | Reached skill level 1 in Stealth
  1927 | D:3      | Reached XP level 5. HP: 35/49 MP: 4/8
  1927 | D:3      | Reached XP level 6. HP: 40/56 MP: 4/9
  2329 | D:3      | Found a faded altar of an unknown god.
  2933 | D:4      | Reached skill level 4 in Staves
  3013 | D:4      | Reached XP level 7. HP: 59/62 MP: 10/10
  3648 | D:5      | Entered Level 5 of the Dungeon
  3860 | D:5      | Reached skill level 5 in Staves
  4125 | D:5      | Noticed a kobold demonologist
  4127 | D:5      | Noticed an ice devil
  4144 | D:5      | Killed a kobold demonologist
  4145 | D:5      | Reached XP level 8. HP: 67/69 MP: 10/12
  4223 | D:5      | Found Axullute's Tremendous Tomes.
  4359 | D:5      | Reached skill level 6 in Staves
  4544 | D:5      | Learned a level 4 spell: Manifold Assault
  5426 | D:7      | Noticed a wyvern
  5442 | D:7      | Killed a wyvern
  5443 | D:7      | Reached skill level 7 in Staves
  5443 | D:7      | Reached XP level 9. HP: 15/78 MP: 4/15
  5650 | D:7      | Reached skill level 5 in Translocations
  5662 | D:7      | Noticed a gargoyle
  5685 | D:7      | Killed a gargoyle
  5910 | D:7      | Found a staircase to the Ecumenical Temple.
  5916 | Temple   | Entered the Ecumenical Temple
  6185 | Temple   | Became a worshipper of Nemelex Xobeh the Trickster
  6358 | D:7      | Reached skill level 1 in Invocations
  6563 | D:7      | Found a runed translucent gate.
  6563 | D:7      | Found a runed translucent gate.
  6563 | D:7      | Found an opulent altar of Gozag.
  6564 | D:7      | Found a runed translucent gate.
  6565 | D:7      | Noticed a kobold demonologist
  6565 | D:7      | Noticed ytrimaz's ghost (novice TrTm)
  7206 | D:8      | Found a runed translucent door.
  7206 | D:8      | Noticed GigaChad's ghost (novice FoFi)
  7208 | D:8      | Noticed a hornet
  7224 | D:8      | Killed a hornet
  7225 | D:8      | Gained mutation: You are dopey. (Int -2) [potion of
                  | mutation]
  7225 | D:8      | Lost mutation: You are dopey. (Int -2) [potion of mutation]
  7226 | D:8      | Gained mutation: Your natural rate of healing is unusually
                  | fast. [potion of mutation]
  7226 | D:8      | Gained mutation: You sometimes lose your temper in combat.
                  | [potion of mutation]
  7226 | D:8      | Gained mutation: You are strong-willed. (Will+) [potion of
                  | mutation]
  7335 | D:8      | Reached skill level 5 in Spellcasting
  7446 | D:8      | Found Fucuw's Mass Market.
  7619 | D:8      | Noticed Joseph
  7627 | D:8      | Learned a level 5 spell: Summon Forest
  7751 | D:9      | Reached * piety under Nemelex Xobeh
  7779 | D:9      | Mangled by an orc warrior

Illustrated notes

Levels and vault maps discovered:
D:1:      matt_arrival_refuge, layout_basic
D:2:      layout_loops_cross, serial_shops, nicolae_shop_overgrown_old_shop,
          kennysheep_potato
D:3:      layout_basic, mainiacjoe_overflow_catwalk,
          chequers_ecumenical_altar_lobes, uniq_sigmund
D:4:      layout_basic, minivault_5, roderic_batcave, roderic_serpentine_path
D:5:      layout_basic, nicolae_shop_i_like_big_books, minmay_misc_feat_ornament
D:6:      layout_rooms
D:7:      layout_basic, temple_green, ebering_ghost_gozag, minmay_manual_moon
D:8:      layout_basic, hellmonk_ghost_big_iron, minmay_shop_mass, st_stairs_7,
          uniq_joseph
D:9:      layout_cave_pools, nicolae_diode_quadrants
Temple:   compressed_dpeg_triangle_lava_temple

Skill      XL: |  1  2  3  4  5  6  7  8  9 |
---------------+----------------------------+-----
Armour         | 1 2 3 |  3.4
Staves         | 3 4 5 7 |  7.9
Fighting       | 3 4 |  4.1
Stealth        | 1 2 3 |  3.8
Dodging        | 2 3 |  3.1
Spellcasting   | 3 4 5 |  5.0
Translocations | 4 6 |  6.6
Invocations    | 3 |  3.1
Polearms       | |  2.4
Throwing       | |  0.9

Action                     |  1- 3 |  4- 6 |  7- 9 || total
---------------------------+-------+-------+-------++-------
  Melee: Spear             |    42 |       |   147 ||   189
         Quarterstaff      |    25 |    63 |   180 ||   268
         Punch             |       |       |     2 ||     2
  Throw: Boomerang         |     1 |       |       ||     1
         Javelin           |       |       |     6 ||     6
   Cast: Lesser Beckoning  |       |     7 |     3 ||    10
         Vhi's Electric Ch |       |     3 |    38 ||    41
         Blink             |       |     1 |    19 ||    20
         Manifold Assault  |       |       |    17 ||    17
Ability: Spit Poison       |    13 |     9 |    38 ||    60
  Evoke: Wand              |       |       |     3 ||     3
    Use: Scroll            |     2 |       |    11 ||    13
         Potion            |       |       |    19 ||    19
   Stab: Sleeping          |     1 |       |       ||     1
 Armour: Leather armour    |    14 |    40 |   152 ||   206
  Dodge: Dodged            |    28 |    45 |   198 ||   271

Table legend: (Time is in decaauts)
 A = Elapsed time spent in this place.
 B = Non-inter-level travel time spent in this place.
 C = Inter-level travel time spent in this place.
 D = Time resting spent in this place.
 E = Time spent auto-exploring this place.
 F = Levels seen in this place.
 G = Mean time per level.
                   A        B        C        D        E       F      G
               +--------+--------+--------+--------+--------+-----+--------+
         Total |   9762 |   9432 |    330 |      0 |   8281 |  10 |  976.2 |
       Dungeon |   9373 |   9072 |    301 |      0 |   7940 |   9 | 1041.4 |
        Temple |    389 |    361 |     28 |      0 |    341 |   1 |  389.0 |
               +--------+--------+--------+--------+--------+-----+--------+

Top non-repeatable levels by time:
     D:7: 1803 daAuts
     D:3: 1704 daAuts
     D:5: 1384 daAuts
     D:4: 1161 daAuts
     D:2: 1014 daAuts
     D:1: 893 daAuts
     D:6: 776 daAuts
     D:8: 491 daAuts
  Temple: 389 daAuts
     D:9: 143 daAuts
